 Dungeon Crawl Stone Soup version 0.31-a0-358-gac0dbeb3ab (webtiles) character file.

Game seed: 13865881632117767291

258 garrulousMonolith the Changeling (level 6, 0/41 HPs)
             Began as an Octopode Shapeshifter on July 25, 2023.
             Slain by an ogre
             ... wielding a +0 giant spiked club
              (21 damage)
             ... on level 4 of the Dungeon.
             The game lasted 00:02:17 (2386 turns).

garrulousMonolith the Changeling (OpSh)             Turns: 2386, Time: 00:02:17

Health: 0/41       AC:  1    Str: 14    XL:     6   Next: 16%
Magic:  6/6        EV: 14    Int: 11    God:
Gold:   163        SH:  0    Dex: 14    Spells: 5/5 levels left

rFire   . .          .
                       - Unarmed
rCold   . . .        (no shield)
rNeg    . . .        (helmet currently unavailable)
rPois   .            (no amulet)
rElec   .            (no ring)
rCorr   .            (no ring)
SInv    .            (no ring)
Will    .....        (no ring)
Stlth   +++          (no ring)
HPRegen 0.26/turn    (no ring)
MPRegen 0.10/turn    (no ring)
                     (no ring)

%: no passive effects
@: beast-form
A: beast (slay +2), almost no armour, amphibious, 8 rings, camouflage 1,
gelatinous body 1, (nimble swimmer 1), tentacles
a: Begin Untransformation


You were on level 4 of the Dungeon.
You were a hulking beast.
You visited 1 branch of the dungeon, and saw 4 of its levels.

You collected 163 gold pieces.

Inventory:

Hand Weapons
 p - a +0 sling
Missiles
 l - 23 stones (quivered)
Jewellery
 i - a ring of magical power
 j - a ring of positive energy
 o - a ring of fire
Talismans
 b - a beast talisman
Wands
 n - a wand of flame (12)
Scrolls
 e - a scroll of noise {unknown}
 f - 2 scrolls of butterflies {unknown}
 m - a scroll of blinking {unknown}
Potions
 a - a potion of lignification
 c - a potion of haste {unknown}
 d - a potion of attraction
 g - 2 potions of cancellation {unknown}
 h - a potion of ambrosia {unknown}
 k - 2 potions of curing


   Skills:
 + Level 2.4 Fighting
 + Level 3.0 Dodging
 + Level 3.1 Stealth
 + Level 3.7 Unarmed Combat
 * Level 4.1 Shapeshifting


You had 5 spell levels left.
You didn't know any spells.
Your spell library contained the following spells:

 Spells                   Type           Power      Damage    Failure   Level
 Cigotuvi's Dreadful Rot  Necr/Pois/Air  0%         N/A       47%         2
 Ensorcelled Hibernation  Hex/Ice        0%         N/A       47%         2
 Dazzling Flash           Conj/Hex       0%         N/A       71%         3
 Volatile Blastmotes      Fire/Tloc      0%         2d10      71%         3
 Anguish                  Hex/Necr       0%         N/A       98%         4
 Dispel Undead            Necr           0%         3d6       98%         4
 Death Channel            Necr           0%         N/A       100%        6
 Starburst                Conj/Fire      0%         6d3       100%        6
 Maxwell's Capacitive Co  Air            0%         ∞         100%        8


Dungeon Overview and Level Annotations

Branches:
Dungeon (4/15)
 Temple: D:4-7

Altars:

Annotations:
D:4 1 runed translucent door, LobsterGuardian's ghost, novice OpSh


Innate Abilities, Weirdness & Mutations

You are a hulking beast.
Your limbs bulge with bestial killing power. (Slay +2)
You cannot wear most types of armour.
You are amphibious.
You can wear up to eight rings at the same time.
Your skin changes colour to match your surroundings (Stealth+).
Your rubbery body absorbs attacks. (AC +1, EV +1)
((You are camouflaged when in or above water. (Stealth+)))
You have tentacles for arms and can constrict up to eight enemies at once.


Message History

Done waiting.
Done exploring.
Done exploring.
Done exploring.
(D) Dungeon
Where to? (Enter - D:3, ? - help)
There is an open translucent door here.
Things that are here:
a +2 quarterstaff of chaos; a +1 cloak You see here a +0 hammer.
You see here a +0 hammer.
There is a stone staircase leading down here.
You climb downwards.
There is a stone staircase leading up here.
Found a scroll of immolation.
Found a runed translucent door.
LobsterGuardian's ghost turns its malevolent gaze towards you.
An ogre comes into view. It is wielding a +0 giant spiked club.
Okay, then.
Throw: 24 stones
Press: ? - help, Q - select action, (/) - cycle Shift-Dir - straight line, f - ogre
Aim: an ogre, wielding a +0 giant spiked club (asleep, 98% to hit)
You throw a stone. The orc priest shouts!
The stone hits the ogre.
The ogre shouts!
The ogre is lightly wounded.
You hear an angry hiss.
You start waiting.
An ogre is nearby!
The ogre barely misses you.
You tentacle-slap the ogre.
The ogre is moderately wounded.
You bludgeon the ogre! You squeeze the ogre.
The ogre is severely wounded.
The ogre hits you with a +0 giant spiked club!!
You tentacle-slap the ogre.
The ogre is almost dead.
The ogre hits you with a +0 giant spiked club!!
Ouch! That really hurt!
You die...

#§oW#....O...
##+##........
#............
#............
#............ #.#
###############.#
..............#O########
#############.#.h......#
...#........#.########.#
.#<#.######.#.# #.#
.###.### #.#.########.#
.......# #.#........#.#
####.#.# #.########.#.#
#...# #..........#.#
######################.#
.......................#


You could see an ogre.

Vanquished Creatures
  Crazy Yiuf (D:3)
  Jessica (D:2)
  Natasha (thrice) (D:2)
  Terence (D:2)
  Robin (D:3)
  2 adders (D:3)
  2 worms (D:2)
  4 dart slugs
  3 orcs (D:3)
  7 bats
  3 endoplasms (D:3)
  A giant cockroach (D:2)
  6 hobgoblins
  3 kobolds
  3 quokkas (D:1)
  3 ball pythons
  6 frilled lizards
  9 goblins
  4 rats
63 creatures vanquished.

Notes
Turn   | Place    | Note
-------+----------+-------------------------------------------
     0 | D:1      | garrulousMonolith the Octopode Shapeshifter began the quest
                  | for the Orb.
     0 | D:1      | Reached XP level 1. HP: 13/13 MP: 1/1
    54 | D:1      | Reached skill level 1 in Stealth
    54 | D:1      | Reached XP level 2. HP: 16/18 MP: 2/2
   280 | D:1      | Reached XP level 3. HP: 23/23 MP: 3/3
   626 | D:2      | Noticed Natasha
   630 | D:2      | Killed Natasha
   631 | D:2      | Reached XP level 4. HP: 20/28 MP: 4/4
   655 | D:2      | Noticed Natasha
   666 | D:2      | Killed Natasha
   870 | D:2      | Noticed Natasha
   876 | D:2      | Killed Natasha
  1086 | D:2      | Reached XP level 5. HP: 34/34 MP: 5/5
  1148 | D:2      | Noticed Terence
  1156 | D:2      | Killed Terence
  1290 | D:2      | Noticed Jessica
  1299 | D:2      | Killed Jessica
  1652 | D:3      | Reached skill level 4 in Shapeshifting
  1777 | D:3      | Noticed Robin
  1782 | D:3      | Killed Robin
  1790 | D:3      | Reached XP level 6. HP: 37/41 MP: 6/6
  1889 | D:3      | Found a runed translucent door.
  1890 | D:3      | Noticed Crazy Yiuf
  1941 | D:3      | Found a faded altar of an unknown god.
  2135 | D:3      | Killed Crazy Yiuf
  2371 | D:4      | Found a runed translucent door.
  2371 | D:4      | Noticed LobsterGuardian's ghost (novice OpSh)
  2386 | D:4      | Slain by an ogre

Illustrated notes

Levels and vault maps discovered:
D:1:      dpeg_arrival_rooms_with_view, layout_rooms
D:2:      layout_loops_ring, uniq_jessica, uniq_terence, uniq_natasha
D:3:      layout_loops_cross, shapermc_ecumenical_altar_acropolis,
          uniq_crazy_yiuf_cottage, uniq_robin
D:4:      layout_basic, minmay_temple_entry_slanted, ebering_ghost_inner_flame,
          uniq_eustachio

Skill      XL: |  1  2  3  4  5  6 |
---------------+-------------------+-----
Stealth        | 1 2 3 |  3.1
Fighting       | 2 |  2.4
Shapeshifting  | 4 |  4.1
Dodging        | 3 |  3.0
Unarmed Combat | |  3.7

Action                     |  1- 3 |  4- 6 || total
---------------------------+-------+-------++-------
  Melee: Unarmed           |    53 |    80 ||   133
         Constrict         |    11 |    17 ||    28
         Tentacles         |     7 |    14 ||    21
         Punch             |     1 |     3 ||     4
  Throw: Stone             |       |     1 ||     1
  Evoke: Wand              |       |     3 ||     3
    Use: Scroll            |       |     2 ||     2
   Stab: Sleeping          |     3 |     5 ||     8
         Distracted        |       |     1 ||     1
 Armour: Skin              |     4 |     3 ||     7
  Dodge: Dodged            |    28 |    35 ||    63

Table legend: (Time is in decaauts)
 A = Elapsed time spent in this place.
 B = Non-inter-level travel time spent in this place.
 C = Inter-level travel time spent in this place.
 D = Time resting spent in this place.
 E = Time spent auto-exploring this place.
 F = Levels seen in this place.
 G = Mean time per level.
                   A        B        C        D        E       F      G
               +--------+--------+--------+--------+--------+-----+--------+
         Total |   2382 |   2273 |    109 |    266 |   1630 |   4 |  595.5 |
       Dungeon |   2382 |   2273 |    109 |    266 |   1630 |   4 |  595.5 |
               +--------+--------+--------+--------+--------+-----+--------+

Top non-repeatable levels by time:
     D:2: 896 daAuts
     D:3: 881 daAuts
     D:1: 482 daAuts
     D:4: 122 daAuts
